 Dungeon Crawl Stone Soup version 0.21-a0-529-g8c7b3f5 (webtiles) character file.

1365 tof the Skirmisher (level 8, 0/87 HPs)
             Began as an Ogre Berserker on Dec 9, 2017.
             Was a Believer of Trog.
             Slain by an ice beast (5 damage)
             ... on level 5 of the Dungeon.
             The game lasted 00:07:44 (6115 turns).

tof the Skirmisher (Ogre Berserker)                 Turns: 6115, Time: 00:07:45

Health: 0/87       AC:  3    Str: 22    XL:     8   Next: 65%
Magic:  8/8        EV: 11    Int:  8    God:    Trog [**....]
Gold:   285        SH:  0    Dex: 10    Spells: 7/7 levels left

rFire    . . .     SeeInvis .   y - -1 quarterstaff (curse)
rCold    . . .     Gourm    .   (shield currently unavailable)
rNeg     . . .     Faith    .   b - +0 animal skin
rPois    .         Spirit   .   (helmet restricted)
rElec    .         Reflect  .   (no cloak)
rCorr    .         Harm     .   (gloves unavailable)
MR       ++...                  (boots unavailable)
Stlth    +.........             (no amulet)
HPRegen  1.24/turn              k - +2 ring of slaying
MPRegen  0.11/turn              l - ring of flight

@: regenerating
A: large, unfitting armour, tough skin 1
a: Berserk, Trog's Hand, Burn Spellbooks, Renounce Religion, Evoke Flight


You were on level 5 of the Dungeon.
You worshipped Trog.
Trog was pleased with you.
You were not hungry.

You visited 1 branch of the dungeon, and saw 5 of its levels.

You collected 285 gold pieces.

Inventory:

Hand Weapons
 a - a +0 mace
 u - a +7 flail of draining
 y - a cursed -1 quarterstaff (weapon)
Missiles
 e - 76 stones (quivered)
Armour
 b - a +0 animal skin (worn)
Jewellery
 k - a +2 ring of slaying (left hand)
 l - a ring of flight (right hand)
 x - an uncursed ring of see invisible {unknown}
Wands
 n - a wand of flame (30)
 r - a wand of disintegration (11)
 t - a wand of clouds (6)
 B - a wand of polymorph (18)
Scrolls
 j - a scroll of fog
 m - 2 scrolls of teleportation
 p - a scroll of noise {unknown}
 q - a scroll of enchant weapon {unknown}
 w - a scroll of magic mapping {unknown}
 z - a scroll of immolation {unknown}
Potions
 d - a potion of heal wounds {unknown}
 f - a potion of berserk rage {unknown}
 g - 3 potions of curing {unknown}
 h - 2 potions of might {unknown}
 i - 2 potions of haste {unknown}
 A - a potion of ambrosia {unknown}
Comestibles
 c - 3 bread rations
 o - a royal jelly
 s - a meat ration
 v - 4 fruits
 C - 2 chunks of flesh


   Skills:
 + Level 7.2 Fighting
 * Level 6.6 Maces & Flails
 + Level 4.3 Throwing
 + Level 4.9 Dodging


You had 7 spell levels left.
You didn't know any spells.

Dungeon Overview and Level Annotations

Branches:
Dungeon (5/15)
 Temple: D:4-7

Altars:
Ru
Uskayaw
Xom
Zin
The Shining One


Innate Abilities, Weirdness & Mutations

You are too large for most types of armour.
You have tough skin. (AC +1)


Message History

The ice beast barely misses you.
You hit the ice beast but do no damage.
The ice beast is heavily wounded.
The ice beast hits you. The ice beast freezes you!
* * * LOW HITPOINT WARNING * * *
You closely miss the ice beast.
The ice beast is heavily wounded.
The ice beast hits you.
* * * LOW HITPOINT WARNING * * *
The ice beast freezes you!
* * * LOW HITPOINT WARNING * * *
You barely miss the ice beast.
The ice beast is heavily wounded.
The ice beast closely misses you.
Your skin crawls.
You feel resistant to hostile enchantments.
You feel somewhat more hungry. The ice beast hits you.
* * * LOW HITPOINT WARNING * * *
The ice beast freezes you.
You die...

..#...............#
..#...............#
..#...............#
..'...............#
###...............#####....
....#+####+####..........._.
....'.........'.............
....#.........#.............
....#.........#.@...........
....#.........#.Y........>..
....#.>.......#.............
....#...###...#.............
##+########...######......#
...................#......#
...................#......#
...................'......#
####################......#


You could see an ice beast.

Vanquished Creatures
  The ghost of Gorglomux the Sneak, an amateur OpHu (D:4)
  The ghost of Gorglomux the Covert, an amateur OpHu of Okawaru (D:3)
  Edmund (D:5)
  An ice beast (D:5)
  2 sky beasts (D:5)
  An ogre (D:4)
  A scorpion (D:4)
  A howler monkey (D:5)
  2 hounds
  An orc priest (D:4)
  A gnoll shaman (D:5)
  4 orc wizards
  A worker ant (D:4)
  6 adders
  3 gnolls (D:5)
  2 oozes
  An adder skeleton (D:4)
  3 worms
  A dart slug (D:1)
  2 leopard geckos
  12 orcs
  3 ball pythons
  4 giant cockroaches
  8 goblins
  6 hobgoblins
  13 jackals
  4 quokkas
  6 bats
  3 frilled lizards
  4 kobolds
  9 rats
108 creatures vanquished.

Vanquished Creatures (others)
  4 toadstools (D:1)
4 creatures vanquished.

Grand Total: 112 creatures vanquished

Notes
Turn   | Place    | Note
-------+----------+-------------------------------------------
     0 | D:1      | tof the Ogre Berserker began the quest for the Orb.
     0 | D:1      | Reached XP level 1. HP: 24/24 MP: 1/1
   290 | D:1      | Reached XP level 2. HP: 23/32 MP: 2/2
   866 | D:1      | Reached XP level 3. HP: 39/40 MP: 3/3
  1009 | D:2      | Reached skill level 1 in Throwing
  1639 | D:2      | Reached XP level 4. HP: 49/49 MP: 4/4
  1674 | D:2      | Reached ** piety under Trog
  2113 | D:3      | Noticed Gorglomux's ghost (amateur OpHu)
  2400 | D:3      | Found a shimmering altar of Xom.
  2606 | D:3      | Reached XP level 5. HP: 28/55 MP: 5/5
  2773 | D:3      | Killed Gorglomux's ghost
  2773 | D:3      | Reached skill level 5 in Fighting
  2773 | D:3      | Reached XP level 6. HP: 66/66 MP: 6/6
  3178 | D:4      | Noticed Gorglomux's ghost (amateur OpHu)
  3189 | D:4      | Killed Gorglomux's ghost
  3189 | D:4      | Reached skill level 5 in Maces & Flails
  3189 | D:4      | Reached XP level 7. HP: 64/74 MP: 7/7
  3589 | D:4      | Reached skill level 6 in Fighting
  4503 | D:4      | Found a glowing golden altar of the Shining One.
  4882 | D:5      | Entered Level 5 of the Dungeon
  4896 | D:5      | Reached XP level 8. HP: 52/84 MP: 8/8
  5164 | D:5      | Noticed Edmund
  5173 | D:5      | Killed Edmund
  5480 | D:5      | Reached skill level 7 in Fighting
  5885 | D:5      | Found a hide-covered altar of Uskayaw.
  5947 | D:5      | Found a glowing silver altar of Zin.
  5992 | D:5      | Found a sacrificial altar of Ru.
  6115 | D:5      | Slain by an ice beast

Vault maps used:
D:1:      ldierk_walled_garden_2
D:2:      st_stairs_6
D:3:      nicolae_overflow_crystal_walls
D:4:      nicolae_tso_swordbearing_angel
D:5:      kennysheep_little_box, lemuel_coloured_pillars_altar, first_bread,
          basic_altar, uniq_edmund

Skill      XL: |  1  2  3  4  5  6  7  8 |
---------------+-------------------------+-----
Maces & Flails | 3 4 5 6 |  6.6
Throwing       | 1 2 3 4 |  4.3
Dodging        | 3 4 |  4.9
Fighting       | 5 6 7 |  7.2

Action                   |  1- 3 |  4- 6 |  7- 9 || total
-------------------------+-------+-------+-------++-------
Melee: Mace              |    89 |    90 |   104 ||   283
       Quarterstaff      |       |       |    41 ||    41
       Flail             |       |       |    14 ||    14
Throw: Stone             |    13 |    10 |    14 ||    37
Invok: Trog's Hand       |       |     3 |     5 ||     8
       Berserk           |       |     3 |     3 ||     6
  Use: Scroll            |       |       |     4 ||     4
 Stab: Sleeping          |       |     1 |       ||     1
  Eat: Chunk             |     2 |     8 |    10 ||    20
       Bread ration      |       |       |     1 ||     1
Armor: Animal skin       |    30 |    15 |    27 ||    72
Dodge: Dodged            |    58 |    62 |   102 ||   222

Table legend:
 A = Spawn XP
 B = Non-spawn XP
 C = Spawn XP percentage of total XP
 D = Spawn monster count
 E = Non-spawn monster count
 F = Spawn count percentage of total count
 G = Total turns spent on level
                    A         B        C        D         E        F      G
               +---------+---------+-------+---------+---------+-------+---------
         Total |       0 |    1950 |   0.0 |       0 |     108 |   0.0 |  6115
               +---------+---------+-------+---------+---------+-------+---------
           D:1 |       0 |      37 |   0.0 |       0 |      18 |   0.0 |  1000
           D:2 |       0 |      60 |   0.0 |       0 |      19 |   0.0 |  1209
           D:3 |       0 |     398 |   0.0 |       0 |      23 |   0.0 |   966
           D:4 |       0 |     693 |   0.0 |       0 |      25 |   0.0 |  1707
           D:5 |       0 |     762 |   0.0 |       0 |      23 |   0.0 |  1233
               +---------+---------+-------+---------+---------+-------+---------
